 Dungeon Crawl Stone Soup version 0.17.2-1-ge4368a0 (webtiles) character file.

30 ololoev the Chopper (level 3, -2/43 HPs)
             Began as a Demonspawn Berserker on July 28, 2016.
             Was a Follower of Trog.
             Slain by a killer bee (6 damage)
             ... on level 5 of the Dungeon.
             The game lasted 00:01:58 (302 turns).

ololoev the Chopper (Demonspawn Berserker)           Turns: 302, Time: 00:01:59

Health: -2/43      AC:  5    Str: 23    XL:     3   Next: 5%
Magic:  0/3        EV: 11    Int: 11    God:    Trog [*.....]
Gold:   35         SH:  0    Dex: 12    Spells: 0 memorised, 2 levels left

rFire  . . .     SeeInvis .     a - +3 hand axe of Jyng {chop, *Rage rElec rPois Int+3}
rCold  + . .     Rnd*Rage +     d - +0 ring mail
rNeg   . . .     SustAt   .     (no shield)
rPois  +         Gourm    .     (no helmet)
rElec  +         Spirit   +     (no cloak)
rCorr  .         Warding  .     (no gloves)
rMut   .         Stasis   .     (no boots)
MR     .....                    b - amulet of guardian spirit
Stlth  ..........               (no ring)
                                (no ring)

@: berserking, lethally poisoned (-2 -> -4), very quick, not resistant to
hostile enchantments, extremely unstealthy
A: cold resistance 1
a: Berserk, Burn Spellbooks, Renounce Religion


Innate Abilities, Weirdness & Mutations

Your flesh is cold resistant.

Inventory:

Hand Weapons
 a - the +3 hand axe of Jyng (weapon) {chop, *Rage rElec rPois Int+3}
   (You found it on level 5 of the Dungeon)

   It inflicts extra damage upon your enemies.
   It affects your intelligence (+3).
   It insulates you from electricity.
   It protects you from poison.
   It may make you go berserk in combat.
Armour
 d - a +0 ring mail (worn)
Jewellery
 b - an amulet of guardian spirit (around neck)
Scrolls
 e - 2 scrolls of immolation {unknown}
 h - a scroll of remove curse {unknown}
Potions
 g - a potion of haste {unknown}
 i - a potion of degeneration {unknown}
 j - a potion of ambrosia {unknown}
Comestibles
 c - a bread ration


   Skills:
 - Level 3.0 Fighting
 * Level 3.3 Axes
 + Level 2.1 Armour
 + Level 2.1 Dodging


You had 2 spell levels left.
You didn't know any spells.


You were on level 5 of the Dungeon.
You worshipped Trog.
Trog was aware of your devotion.
You were not hungry.

You visited 1 branch of the dungeon, and saw 5 of its levels.

You collected 35 gold pieces.

###########
#####yy@.......
#.....y........
#.###.########.#.#
#o# ####.#.# ###
##.#.###.#####.......
..#
....oy.oO.........#.#
#.#
####.###.##.##.#..#.#
#.# #.##.##.#..#.#
#.#
#.##.#.....#.####.##

Notes
Turn   | Place    | Note
--------------------------------------------------------------
     0 | D:1      | ololoev the Demonspawn Berserker began the quest for the Orb.
     0 | D:1      | Reached XP level 1. HP: 18/18 MP: 1/1
     6 | D:1      | You fall through a shaft!
    11 | D:2      | Noticed Natasha
    27 | D:2      | Noticed an iron imp
    32 | D:2      | Killed Natasha
    32 | D:2      | Gained mutation: Your flesh is cold resistant. [demonic ancestry]
    32 | D:2      | Reached XP level 2. HP: 13/24 MP: 2/2
   138 | D:4      | Reached XP level 3. HP: 19/29 MP: 3/3
   233 | D:5      | Entered Level 5 of the Dungeon
   253 | D:4      | Noticed an ogre
   253 | D:4      | Noticed a hungry ghost
   264 | D:5      | Got a fine hand axe
   265 | D:5      | Identified the +3 hand axe of Jyng {chop, *Rage rElec rPois Int+3} (You found it on level 5 of the Dungeon)
   274 | D:5      | Noticed an ogre
   302 | D:5      | Slain by a killer bee

Dungeon Overview and Level Annotations

Branches:
Dungeon (5/15)
 Temple: D:4-7

Altars:


Message History

There is a stone staircase leading down here.
A killer bee comes into view.
The killer bee buzzes angrily.
A killer bee comes into view.
The killer bee buzzes angrily.
You hear an angry buzzing noise.
You hear a shout!
The killer bee stings you but does no damage.
The killer bee closely misses you.
A killer bee and an orc come into view.
The killer bee stings you. The killer bee closely misses you.
A giant cockroach comes into view.
The killer bee stings you.
The giant cockroach bites you but does no damage.
You hit the giant cockroach.
You kill the giant cockroach!
Trog accepts your kill.
You closely miss the killer bee.
The killer bee stings you but does no damage.
The killer bee stings you.
You are poisoned.
The killer bee poisons you!
You feel sick. The killer bee closely misses you.
You see here a giant cockroach corpse.
You feel sick. The killer bee stings you.
Drink which item? (? for menu, Esc to quit)
Okay, then.
Use which ability? (? or * to list)
A red film seems to cover your vision as you go berserk!
You feel yourself moving faster!
You feel mighty!
You feel somewhat more hungry. The killer bee stings you!
The killer bee barely misses you. x2
Unknown command.
You miss the killer bee. x2
The killer bee stings you. x2
Unknown command.
Unknown command.
You closely miss the killer bee. You barely miss the killer bee.
You feel sick. The killer bee closely misses you. The killer bee stings you!
You die...

You could see 3 killer bees and an orc.

Vanquished Creatures
  Natasha (D:2)
  A giant gecko (D:4)
  A giant cockroach (D:5)
  A goblin (D:2)
  A hobgoblin (D:2)
5 creatures vanquished.

Action                   || total
-------------------------++-------
Melee: Hand axe          ||    14
Invok: Berserk           ||     2

Vault maps used:
D:1:      eino_arrival_cavern_c, minmay_misc_feat_enclosed,
          roderic_serpentine_path
D:2:      uniq_sigmund, uniq_natasha
D:3:      gammafunk_temple_overflow_pools, minmay_misc_feat_more_columns,
          roderic_lattice_a, serial_bayou_pond_b
D:4:      lemuel_coloured_pillars_altar, lemuel_blue_sif_altar, serial_shops,
          nicolae_shop_waterfront
D:5:      vehumet_altar_wand_db, minmay_temple_entry_purple_smoke,
          enter_ossuary_2, first_bread, uniq_edmund
